Cogmind - Beta 14 @@@ ROGUE MODE // 2025.01.07 @ 18:44:25 Player: LightKnight Result: Destroyed by G-73 Enforcer with Heavy Laser Performance ------------- Evolutions (9) 4500 Regions Visited (17) 3400 Robots Destroyed (91) 455 Value Destroyed (3205) 3205 Prototype IDs (2) 40 Alien Tech Used (0) 0 Bonus (1537) 1537 TOTAL SCORE: 13137 Bonus ------- High Alert Combat Kills 546 Follower Combat Kills 7 Entered DSFs 1000 Friendly Fire -16 Cogmind --------- Core Integrity 0/1600 Matter 300/300 Energy 99/100 System Corruption 7% Temperature Cool (9) Movement Core (50) Location -1/Command Parts ------- > --- POWER (3) -------- (None) > --- PROPULSION (6) --- (None) > --- UTILITY (13) ----- Enhanced Optical Array Advanced Signal Interpreter Hacking Suite > --- WEAPON (3) ------- (None) > --- INVENTORY (5) ---- Light Quantum Reactor Advanced Heat Sink Advanced Sensor Array Long-range Sensor Array Stasis Canceller Peak State ------------ > --- POWER ------------ Micro Fission Core Micro Fission Core Micro Fission Core > --- PROPULSION ------- Field Propulsion Drive Nuclear Pulse Array Nuclear Pulse Array Impulse Thruster > --- UTILITY ---------- Power Amplifier Advanced Power Amplifier Advanced Visual Processing Unit Enhanced Optical Array Experimental Sensor Array Advanced Signal Interpreter Improved Transmission Jammer Advanced ECM Suite Makeshift Cloaking Device Graphene Brace System Shield > --- WEAPON ----------- Advanced Datajack Lance > --- INVENTORY -------- Advanced Heat Sink Advanced Weight Redist. System Long-range Missile Launcher [Rating: 128] Favorites ----------- Power Micro Fission Core Engine Ion Engine Power Core Micro Fission Core Reactor Light Antimatter Reactor Propulsion Improved Treads Treads Improved Treads Leg Aluminum Leg Wheel Armored Huge Wheel Flight Unit Nuclear Pulse Array Utility Graphene Brace Device Graphene Brace Storage High-capacity Storage Unit Processor Signal Interpreter Hackware System Shield Protection Improved Heavy Armor Plating Weapon Heavy Assault Rifle Energy Gun Advanced Beam Rifle Energy Cannon EM Pulse Cannon Ballistic Gun Heavy Assault Rifle Ballistic Cannon Assault Cannon Launcher Long-range Missile Launcher Impact Weapon Power Maul Piercing Weapon Lance Special Melee Weapon Advanced Datajack Build | -11 -10 -10 -10 -9 -8 -7 -6 -6 -5 -4 -4 -4 -3 -2 -2 -1 -1 ------- Run | Yrd Mat Min Exi Min Mat Fac Fac DSF Fac Fac Upp Upp Res Res DSF Acc Com Slots Evolved 18 | . . . . . 4 2 2 . 2 2 . . 2 2 . 2 . Power 2 | . . . . . . . . . . 1 . . 1 . . . . Propulsion 4 | . . . . . 2 . . . . 1 . . . 1 . . . Utility 11 | . . . . . 1 2 2 . 2 . . . 1 1 . 2 . Weapon 1 | . . . . . 1 . . . . . . . . . . . . Parts Attached 120 | . 10 1 . 2 47 2 1 5 18 18 2 . 3 2 . 7 2 Power 14 | . 1 . . . 4 . . 1 2 4 . . 1 . . 1 . Engine 4 | . 1 . . . 2 . . 1 . . . . . . . . . Core 9 | . . . . . 2 . . . 2 4 . . 1 . . . . Reactor 1 | . . . . . . . . . . . . . . . . 1 . Propulsion 29 | . 4 . . . 16 . . 2 3 3 . . . 1 . . . Treads 20 | . 4 . . . 16 . . . . . . . . . . . . Leg . | . . . . . . . . . . . . . . . . . . Wheel 2 | . . . . . . . . 2 . . . . . . . . . Hover . | . . . . . . . . . . . . . . . . . . Flight 7 | . . . . . . . . . 3 3 . . . 1 . . . Utility 37 | . 2 1 . . 6 1 1 1 7 6 2 . 1 1 . 6 2 Device 23 | . 1 . . . 5 . 1 . 5 4 2 . 1 . . 3 1 Storage 2 | . 1 . . . 1 . . . . . . . . . . . . Processor 6 | . . 1 . . . . . 1 1 2 . . . . . 1 . Hackware 4 | . . . . . . . . . . . . . . 1 . 2 1 Protection 2 | . . . . . . 1 . . 1 . . . . . . . . Artifact . | . . . . . . . . . . . . . . . . . . Weapon 40 | . 3 . . 2 21 1 . 1 6 5 . . 1 . . . . Energy Gun 11 | . . . . . 8 1 . . 1 1 . . . . . . . Energy Cannon 1 | . . . . . 1 . . . . . . . . . . . . Ballistic Gun 12 | . 2 . . 1 8 . . . 1 . . . . . . . . Ballistic Cannon 5 | . 1 . . . 2 . . . 1 1 . . . . . . . Launcher 5 | . . . . 1 2 . . 1 . . . . 1 . . . . Special Weapon . | . . . . . . . . . . . . . . . . . . Impact Weapon 2 | . . . . . . . . . 2 . . . . . . . . Slashing Weapon . | . . . . . . . . . . . . . . . . . . Piercing Weapon 2 | . . . . . . . . . 1 1 . . . . . . . Special Melee Weapon 2 | . . . . . . . . . . 2 . . . . . . . Unidentified Prototypes 1 | . . . . . 1 . . . . . . . . . . . . Parts Lost 26 | . . . . . 9 . . 1 . . . . . . 5 1 10 Power 5 | . . . . . . . . 1 . . . . . . 2 . 2 Propulsion 6 | . . . . . 2 . . . . . . . . . 1 . 3 Utility 7 | . . . . . . . . . . . . . . . 1 1 5 Weapon 8 | . . . . . 7 . . . . . . . . . 1 . . Highest Loss Streak 9 | . . . . . 3 . . 1 . . . . . . 5 1 9 To Critical Strikes . | . . . . . . . . . . . . . . . . . . Average Slot Usage (%) 90 | . 96 100 100 100 98 92 80 88 80 82 84 84 85 . 79 71 40 Engine 6 | . 14 14 14 14 4 . . 5 . . . . . . . . . Core 3 | . . . . . 4 7 6 . 4 9 10 10 14 . 10 4 1 Treads 20 | . 28 28 28 28 35 30 26 21 . . . . . . . . . Wheel 1 | . . . . . . . . 2 10 . . . . . . . . Flight 2 | . . . . . . . . . . 15 15 15 14 . 15 12 4 Device 14 | . 11 1 . . 15 15 13 20 26 32 31 31 32 . 28 26 12 Storage 8 | . 14 14 14 14 9 7 6 6 4 . . . . . . . . Processor 8 | . . 12 14 14 2 . . 4 7 12 15 15 14 . 13 14 13 Energy Gun 2 | . . . . . 7 7 6 1 2 . . . . . . . . Ballistic Gun 12 | . 16 28 28 27 9 15 13 13 3 . . . . . . . . Ballistic Cannon 2 | . 10 . . . 5 . . . 2 . . . . . . . . Peak Build Rating 128 | . 12 13 13 13 42 48 50 65 91 115 115 109 124 128 128 119 119 Average Rating 48 | . 8 12 13 12 35 47 48 57 85 101 109 109 119 127 110 110 58 On Entrance 62 | 6 6 12 13 13 13 37 48 50 61 77 115 109 109 120 128 95 119 Naked Turns . | . . . . . . . . . . . . . . . . . . Heaviest Build 88 | 12 22 22 21 21 75 78 79 88 88 31 31 24 38 30 30 33 33 Greatest Support 92 | 20 46 46 46 46 92 86 86 86 56 33 33 33 33 40 40 33 33 Greatest Overweight (x) 3 | . . . . . . . . 3 1 . . . 1 . . . . Average Overweight (x) . | . . . . . . . . . . . . . . . . . . Largest Inventory Capacity 20 | . 10 10 10 10 20 20 20 20 20 5 5 5 5 5 5 5 5 Average Capacity 13 | . 9 10 10 10 19 20 20 20 19 5 5 5 5 5 5 5 5 Most Carried 20 | . 10 10 10 10 20 19 17 20 20 5 5 5 5 4 3 5 5 Average Carried 12 | . 8 9 10 9 18 17 16 18 18 4 4 5 4 3 3 4 5 Final Capacity 20 | 8 10 10 10 10 20 20 20 20 5 5 5 5 5 5 5 5 5 Final Carried 20 | 6 10 10 10 10 20 17 16 20 5 5 5 5 5 3 3 5 5 Class Distribution -------------------- 37% | Mutant 19% | Infiltrator-Ninja 11% | Scavenger-Tank 8% | Tank 7% | Scavenger-Gunner 5% | Infiltrator-Mutant 5% | Skirmisher 4% | Gunner Dominant Class ---------------- Mutant | -10/Materials Mutant | -10/Mines Mutant | -10/Exiles Mutant | -9/Mines Scavenger-Tank | -8/Materials Tank | -7/Factory Tank | -6/Factory Scavenger-Tank | -6/DSF Infiltrator-Mutant | -5/Factory Infiltrator-Ninja | -4/Factory Infiltrator-Ninja | -4/Upper Caves Infiltrator-Ninja | -4/Upper Caves Infiltrator-Ninja | -3/Research Infiltrator-Ninja | -2/Research Infiltrator-Ninja | -2/DSF Infiltrator-Ninja | -1/Access Mutant | -1/Command Resources | -11 -10 -10 -10 -9 -8 -7 -6 -6 -5 -4 -4 -4 -3 -2 -2 -1 -1 ----------- Run | Yrd Mat Min Exi Min Mat Fac Fac DSF Fac Fac Upp Upp Res Res DSF Acc Com Matter Collected 2958 | 200 25 40 259 46 1572 . . 155 192 133 234 . 47 . . 55 . Remotely . | . . . . . . . . . . . . . . . . . . Salvage Created 3274 | . 24 . . 10 2548 . . 118 218 32 . . 204 . . 120 . Parts 193 | . 2 . . 6 132 . . 10 11 5 . . 14 . . 13 . Haulers Intercepted 1 | . . . . . 1 . . . . . . . . . . . . Recyclers Shooed 2 | . . . . . 1 . . . 1 . . . . . . . . Parts Field Recycled . | . . . . . . . . . . . . . . . . . . Retrieved Matter . | . . . . . . . . . . . . . . . . . . Parts Self-Destructed . | . . . . . . . . . . . . . . . . . . Prevented . | . . . . . . . . . . . . . . . . . . Kills | -11 -10 -10 -10 -9 -8 -7 -6 -6 -5 -4 -4 -4 -3 -2 -2 -1 -1 ------- Run | Yrd Mat Min Exi Min Mat Fac Fac DSF Fac Fac Upp Upp Res Res DSF Acc Com Combat Hostiles Destroyed 64 | . . . . 2 54 . . 4 4 . . . . . . . . Guns 35 | . . . . . 33 . . 1 1 . . . . . . . . Cannons 19 | . . . . . 16 . . . 3 . . . . . . . . AOE 10 | . . . . 2 5 . . 3 . . . . . . . . . Classes Destroyed 15 | . 1 . . 2 11 . . . 1 . . . . . . . . Worker 8 | . . . . 1 6 . . . . . . . 1 . . . . Builder 7 | . . . . . 7 . . . . . . . . . . . . Hauler 1 | . . . . . 1 . . . . . . . . . . . . Recycler 1 | . . . . . 1 . . . . . . . . . . . . Watcher 17 | . 1 . . . 5 . . . 2 1 . . 5 . . 3 . Swarmer 11 | . . . . 2 7 . . 2 . . . . . . . . . Grunt 31 | . . . . . 31 . . . . . . . . . . . . Brawler 2 | . . . . . 2 . . . . . . . . . . . . Duelist 1 | . . . . . 1 . . . . . . . . . . . . Protector 1 | . . . . . 1 . . . . . . . . . . . . Sentry 8 | . . . . . 8 . . . . . . . . . . . . Specialist 4 | . . . . . 2 . . 2 . . . . . . . . . Hunter 1 | . . . . . 1 . . . . . . . . . . . . Programmer 4 | . . . . . . . . . 4 . . . . . . . . Heavy 1 | . . . . . 1 . . . . . . . . . . . . Best Kill Streak 10 | . 1 . . 3 10 . . 3 3 1 . . 2 . . 1 . Combat Bots Only 8 | . . . . 2 8 . . 3 2 . . . . . . . . Max Kills in Single Turn 3 | . 1 . . 2 2 . . 3 1 1 . . 1 . . 1 . Gunslinging . | . . . . . . . . . . . . . . . . . . Exploded 3 | . . . . 2 1 . . 3 . . . . . . . . . Melee . | . . . . . . . . . . . . . . . . . . Uniques/NPCs Destroyed . | . . . . . . . . . . . . . . . . . . Combat | -11 -10 -10 -10 -9 -8 -7 -6 -6 -5 -4 -4 -4 -3 -2 -2 -1 -1 -------- Run | Yrd Mat Min Exi Min Mat Fac Fac DSF Fac Fac Upp Upp Res Res DSF Acc Com Hostile Shots Fired 628 | . . . . 7 357 . . 35 34 4 . . . . 5 15 171 Missed 218 | . . . . 3 102 . . 14 11 1 . . . . 1 8 78 Damage Taken 7756 | . . . . 29 4103 . . 526 474 50 . . . . 364 229 1981 Core 2299 | . . . . 6 496 . . 42 . . . . . . 142 67 1546 Absorbed by Shields . | . . . . . . . . . . . . . . . . . . Core Remaining (%) 87 | 100 . . . 97 9 100 . 95 100 . . 100 100 . 90 . . Volleys Fired 184 | . 2 . . 2 158 . . 5 16 . . . 1 . . . . Largest 3 | . 2 . . 2 3 . . 3 3 . . . 1 . . . . Hottest 168 | . 55 . . 53 168 . . 111 163 . . . 43 . . . . Shots Fired 490 | . 4 . . 4 430 . . 15 36 . . . 1 . . . . Gun 349 | . 2 . . 2 313 . . 13 19 . . . . . . . . Cannon 125 | . 2 . . . 106 . . . 17 . . . . . . . . Launcher 16 | . . . . 2 11 . . 2 . . . . 1 . . . . Special . | . . . . . . . . . . . . . . . . . . Kinetic 310 | . 4 . . 2 272 . . 10 22 . . . . . . . . Thermal 142 | . . . . . 125 . . 3 14 . . . . . . . . Explosive 16 | . . . . 2 11 . . 2 . . . . 1 . . . . Electromagnetic 22 | . . . . . 22 . . . . . . . . . . . . Robot Hit Streak 17 | . 1 . . 1 17 . . 5 8 . . . . . . . . Robot Miss Streak 8 | . 2 . . . 5 . . 3 8 . . . 1 . . . . Penetration Max . | . . . . . . . . . . . . . . . . . . Secondary Targets 4 | . . . . . 4 . . . . . . . . . . . . Max Gunslinging Chain 1 | . . . . . 1 . . . . . . . . . . . . Shots Hit Robots 342 | . 1 . . 1 275 . . 10 22 11 2 . 14 . . 6 . Core Hits 171 | . 1 . . 3 124 . . 8 18 1 . . 11 . . 4 1 Critical Kills . | . . . . . . . . . . . . . . . . . . Critical Parts Destroyed 1 | . . . . . 1 . . . . . . . . . . . . Critical Strikes 15 | . . . . . 11 . . . 1 . . . 2 . . 1 . Burn 6 | . . . . . 5 . . . 1 . . . . . . . . Destroy 1 | . . . . . 1 . . . . . . . . . . . . Blast 4 | . . . . . 4 . . . . . . . . . . . . Corrupt 1 | . . . . . 1 . . . . . . . . . . . . Impale 3 | . . . . . . . . . . . . . 2 . . 1 . Melee Attacks 98 | . . . . . . . . . 10 20 4 . 31 . . 31 2 Impact 10 | . . . . . . . . . 10 . . . . . . . . Slashing . | . . . . . . . . . . . . . . . . . . Piercing 78 | . . . . . . . . . . 12 2 . 31 . . 31 2 Sneak Attacks 12 | . . . . . . . . . . 8 2 . . . . 2 . Combat Hostiles . | . . . . . . . . . . . . . . . . . . Follow-up Attacks . | . . . . . . . . . . . . . . . . . . Damage Inflicted 8692 | . 18 . . 130 6549 . . 378 491 155 . . 620 . . 317 34 Guns 4059 | . . . . . 3747 . . 155 157 . . . . . . . . Cannons 2111 | . 18 . . . 1804 . . . 289 . . . . . . . . Explosions 1387 | . . . . 130 998 . . 223 . . . . 36 . . . . Melee 1101 | . . . . . . . . . 45 155 . . 584 . . 317 . Ramming 34 | . . . . . . . . . . . . . . . . . 34 Kinetic 3959 | . 18 . . . 3508 . . 115 318 . . . . . . . . Thermal 2007 | . . . . . 1839 . . 40 128 . . . . . . . . Explosive 1099 | . . . . 130 710 . . 223 . . . . 36 . . . . Electromagnetic 492 | . . . . . 492 . . . . . . . . . . . . Impact 45 | . . . . . . . . . 45 . . . . . . . . Slashing . | . . . . . . . . . . . . . . . . . . Piercing 1056 | . . . . . . . . . . 155 . . 584 . . 317 . Highest Corruption 7 | . . . . . 3 . . . 6 2 2 2 . . . 1 7 Average Corruption 3 | . . . . . 2 . . . 5 2 2 2 . . . 1 4 Corruption Purged . | . . . . . . . . . . . . . . . . . . Corruption Blocked . | . . . . . . . . . . . . . . . . . . Effects 37 | . . . . . 13 . . . 13 1 2 . . . . . 8 Message Errors 13 | . . . . . 3 . . . 5 . . . . . . . 5 Matter Fused 8 | . . . . . 5 . . . 1 1 1 . . . . . . Heat Flow Errors 3 | . . . . . 1 . . . 1 . . . . . . . 1 Energy Discharges 5 | . . . . . 2 . . . 1 . 1 . . . . . 1 Parts Rejected 1 | . . . . . . . . . . . . . . . . . 1 Parts Fused 1 | . . . . . 1 . . . . . . . . . . . . Data Loss (minor) 3 | . . . . . 1 . . . 2 . . . . . . . . Data Loss (major) 1 | . . . . . . . . . 1 . . . . . . . . Misfires 1 | . . . . . . . . . 1 . . . . . . . . Weapon Failures 1 | . . . . . . . . . 1 . . . . . . . . Overload Shots . | . . . . . . . . . . . . . . . . . . Overflow Damage 356 | . . . . . 178 . . . . 34 . . 144 . . . . Projectiles 71 | . . . . . 71 . . . . . . . . . . . . Explosions 107 | . . . . . 107 . . . . . . . . . . . . Melee 178 | . . . . . . . . . . 34 . . 144 . . . . Knockbacks 23 | . . . . . 12 . . . 11 . . . . . . . . Impact . | . . . . . . . . . . . . . . . . . . Kinetic 22 | . . . . . 11 . . . 11 . . . . . . . . Secondary 1 | . . . . . 1 . . . . . . . . . . . . Self-Inflicted Damage 213 | . . . . . 159 . . 38 . . . . . . . . 16 Shots 3 | . . . . . 2 . . 1 . . . . . . . . . Rammed 15 | . . . . . . . . . . . . . . . . . 15 Targets Rammed 15 | . . . . . . . . . . . . . . . . . 15 Kicked . | . . . . . . . . . . . . . . . . . . Crushed . | . . . . . . . . . . . . . . . . . . Highest Temperature 413 | . . . . . 413 . . . 128 . . . 10 . . . 221 Average Temperature 110 | . . . . . 111 . . . 84 . . . 7 . . . 118 Received Heat Transfer 1917 | . . . . . 1782 . . 18 . . . . . . . . 117 Effects 2 | . . . . . 2 . . . . . . . . . . . . Shutdowns 1 | . . . . . 1 . . . . . . . . . . . . Energy Bleed 1 | . . . . . 1 . . . . . . . . . . . . Siege Activations . | . . . . . . . . . . . . . . . . . . Robots Corrupted . | . . . . . . . . . . . . . . . . . . Combat Hostiles . | . . . . . . . . . . . . . . . . . . Parts Fried 2 | . . . . . 2 . . . . . . . . . . . . Impact Corruptions . | . . . . . . . . . . . . . . . . . . Robots Melted . | . . . . . . . . . . . . . . . . . . Combat Hostiles . | . . . . . . . . . . . . . . . . . . Parts Melted 5 | . . . . . 4 . . . 1 . . . . . . . . Heat Transferred 4416 | . . . . . 3942 . . 74 400 . . . . . . . . Parts Sabotaged . | . . . . . . . . . . . . . . . . . . Parts Stolen . | . . . . . . . . . . . . . . . . . . Parts Stripped . | . . . . . . . . . . . . . . . . . . Power Chain Reactions . | . . . . . . . . . . . . . . . . . . Alert | -11 -10 -10 -10 -9 -8 -7 -6 -6 -5 -4 -4 -4 -3 -2 -2 -1 -1 ------- Run | Yrd Mat Min Exi Min Mat Fac Fac DSF Fac Fac Upp Upp Res Res DSF Acc Com Peak Influence 1123 | . 22 8 . 117 1123 510 254 320 181 106 . . 358 201 150 269 308 Initial 510 | . . 8 . . . 510 249 177 162 25 . . 35 201 150 60 65 Average 242 | . 14 8 . 3 521 510 249 215 86 61 . . 196 201 124 132 122 Maximum Alert Level 4 | . . . . . 4 2 1 1 . . . . 1 1 . 1 1 Low Security (%) 65 | . 100 100 . 100 22 . . 62 100 100 . . 54 . 100 77 76 Level 1 12 | . . . . . 18 . 100 37 . . . . 45 100 . 22 23 Level 2 7 | . . . . . 17 100 . . . . . . . . . . . Level 3 14 | . . . . . 39 . . . . . . . . . . . . Level 4 . | . . . . . 1 . . . . . . . . . . . . Level 5 . | . . . . . . . . . . . . . . . . . . High Security . | . . . . . . . . . . . . . . . . . . Max Security . | . . . . . . . . . . . . . . . . . . Sterilizations 1 | . . . . . 1 . . . . . . . . . . . . Squads Dispatched 17 | . 1 . . . 10 . . 1 1 . . . . . 1 1 2 Investigation 2 | . . . . . 2 . . . . . . . . . . . . Extermination 3 | . . . . . . . . . 1 . . . . . . 1 1 Reinforcement 9 | . 1 . . . 5 . . 1 . . . . . . 1 . 1 Assault 3 | . . . . . 3 . . . . . . . . . . . . Garrison . | . . . . . . . . . . . . . . . . . . Intercept . | . . . . . . . . . . . . . . . . . . Searches Triggered . | . . . . . . . . . . . . . . . . . . Construction Impeded 1 | . . . . . 1 . . . . . . . . . . . . Haulers Reinforced . | . . . . . . . . . . . . . . . . . . Active Scanning Responses . | . . . . . . . . . . . . . . . . . . Cargo Convoy Interrupts . | . . . . . . . . . . . . . . . . . . Stealth | -11 -10 -10 -10 -9 -8 -7 -6 -6 -5 -4 -4 -4 -3 -2 -2 -1 -1 --------- Run | Yrd Mat Min Exi Min Mat Fac Fac DSF Fac Fac Upp Upp Res Res DSF Acc Com Distress Signals 4 | . . . . . 2 . . . . . . . . . . 1 1 Communications Jammed 21 | . . . . . . . . . 9 . . . 1 . . 11 . Distress Signals 20 | . . . . . . . . . 9 . . . . . . 11 . Times Spotted 169 | . 3 . . 4 75 . . 7 6 7 . . 8 . 4 16 39 Peak Tracking Total 20 | . 1 . . 4 8 . . 5 3 2 . . 3 . 4 6 20 Tactical Retreats 17 | . . . . . 3 . . 1 . 2 . . . . . 3 8 Traps | -11 -10 -10 -10 -9 -8 -7 -6 -6 -5 -4 -4 -4 -3 -2 -2 -1 -1 ------- Run | Yrd Mat Min Exi Min Mat Fac Fac DSF Fac Fac Upp Upp Res Res DSF Acc Com Traps Triggered 12 | . . . . . 6 . . 1 1 3 . . . . . . 1 Indirectly . | . . . . . . . . . . . . . . . . . . Trap Hack Attempts . | . . . . . . . . . . . . . . . . . . Triggered . | . . . . . . . . . . . . . . . . . . Disarmed . | . . . . . . . . . . . . . . . . . . Reprogrammed . | . . . . . . . . . . . . . . . . . . Reused . | . . . . . . . . . . . . . . . . . . Traps Extracted . | . . . . . . . . . . . . . . . . . . Installed . | . . . . . . . . . . . . . . . . . . Triggered . | . . . . . . . . . . . . . . . . . . Machines | -11 -10 -10 -10 -9 -8 -7 -6 -6 -5 -4 -4 -4 -3 -2 -2 -1 -1 ---------- Run | Yrd Mat Min Exi Min Mat Fac Fac DSF Fac Fac Upp Upp Res Res DSF Acc Com Machines Disabled 13 | . . . . 2 9 . . 1 . . . . . . . 1 . Max in Single Turn 3 | . . . . 2 3 . . 1 . . . . . . . 1 . Garrison Access 1 | . . . . . 1 . . . . . . . . . . . . Machines Repaired . | . . . . . . . . . . . . . . . . . . Machines Dismantled . | . . . . . . . . . . . . . . . . . . Machines Sabotaged . | . . . . . . . . . . . . . . . . . . Overloaded Fab Kills . | . . . . . . . . . . . . . . . . . . Hacking | -11 -10 -10 -10 -9 -8 -7 -6 -6 -5 -4 -4 -4 -3 -2 -2 -1 -1 --------- Run | Yrd Mat Min Exi Min Mat Fac Fac DSF Fac Fac Upp Upp Res Res DSF Acc Com Machines Accessed 10 | . . . . . 4 . 1 . 1 . . . . 1 . 3 . Terminals 8 | . . . . . 2 . 1 . 1 . . . . 1 . 3 . Fabricators . | . . . . . . . . . . . . . . . . . . Repair Stations . | . . . . . . . . . . . . . . . . . . Recycling Units . | . . . . . . . . . . . . . . . . . . Scanalyzers 1 | . . . . . 1 . . . . . . . . . . . . Garrison Access 1 | . . . . . 1 . . . . . . . . . . . . Total Hacks 23 | . . . . . 5 . 1 . 2 . . . . 1 . 14 . Successful 10 | . . . . . 4 . 1 . 1 . . . . 1 . 3 . Failed 13 | . . . . . 1 . . . 1 . . . . . . 11 . Catastrophic 2 | . . . . . . . . . . . . . . . . 2 . Database Lockouts . | . . . . . . . . . . . . . . . . . . Manual . | . . . . . . . . . . . . . . . . . . Terminals 20 | . . . . . 2 . 1 . 2 . . . . 1 . 14 . Fabricators . | . . . . . . . . . . . . . . . . . . Repair Stations . | . . . . . . . . . . . . . . . . . . Recycling Units . | . . . . . . . . . . . . . . . . . . Scanalyzers 2 | . . . . . 2 . . . . . . . . . . . . Garrison Access 1 | . . . . . 1 . . . . . . . . . . . . Terminal Hacks 7 | . . . . . 1 . 1 . 1 . . . . 1 . 3 . Robot Analysis 1 | . . . . . 1 . . . . . . . . . . . . Open Door 3 | . . . . . . . . . . . . . . . . 3 . Open DSF 3 | . . . . . . . 1 . 1 . . . . 1 . . . Fabricator Hacks . | . . . . . . . . . . . . . . . . . . Repair Station Hacks . | . . . . . . . . . . . . . . . . . . Recycling Unit Hacks . | . . . . . . . . . . . . . . . . . . Scanalyzer 2 | . . . . . 2 . . . . . . . . . . . . Insert Component 1 | . . . . . 1 . . . . . . . . . . . . Analyze 1 | . . . . . 1 . . . . . . . . . . . . Garrison Access Hacks 1 | . . . . . 1 . . . . . . . . . . . . Seal Access 1 | . . . . . 1 . . . . . . . . . . . . Unauthorized Hacks . | . . . . . . . . . . . . . . . . . . Terminals . | . . . . . . . . . . . . . . . . . . Fabricators . | . . . . . . . . . . . . . . . . . . Repair Stations . | . . . . . . . . . . . . . . . . . . Recycling Units . | . . . . . . . . . . . . . . . . . . Scanalyzers . | . . . . . . . . . . . . . . . . . . Garrison Access . | . . . . . . . . . . . . . . . . . . Data Cores Recovered . | . . . . . . . . . . . . . . . . . . Used . | . . . . . . . . . . . . . . . . . . Hacking Detections 4 | . . . . . 1 . . . 1 . . . . . . 2 . Full Trace Events . | . . . . . . . . . . . . . . . . . . Feedback Events . | . . . . . . . . . . . . . . . . . . Feedback Blocked . | . . . . . . . . . . . . . . . . . . Robot Schematics Acquired . | . . . . . . . . . . . . . . . . . . Robots Built . | . . . . . . . . . . . . . . . . . . Authchips . | . . . . . . . . . . . . . . . . . . Time . | . . . . . . . . . . . . . . . . . . Total Robot Build Rating . | . . . . . . . . . . . . . . . . . . Part Schematics Acquired 1 | . . . . . 1 . . . . . . . . . . . . Parts Built . | . . . . . . . . . . . . . . . . . . Authchips . | . . . . . . . . . . . . . . . . . . Time . | . . . . . . . . . . . . . . . . . . Total Part Build Rating . | . . . . . . . . . . . . . . . . . . Parts Repaired . | . . . . . . . . . . . . . . . . . . Time . | . . . . . . . . . . . . . . . . . . Parts Recycled . | . . . . . . . . . . . . . . . . . . Recycled Matter . | . . . . . . . . . . . . . . . . . . Retrieved Matter . | . . . . . . . . . . . . . . . . . . Retrieved Components . | . . . . . . . . . . . . . . . . . . Parts Scanalyzed 1 | . . . . . 1 . . . . . . . . . . . . Part Schematics Acquired 1 | . . . . . 1 . . . . . . . . . . . . Parts Damaged . | . . . . . . . . . . . . . . . . . . Bothacking | -11 -10 -10 -10 -9 -8 -7 -6 -6 -5 -4 -4 -4 -3 -2 -2 -1 -1 ------------ Run | Yrd Mat Min Exi Min Mat Fac Fac DSF Fac Fac Upp Upp Res Res DSF Acc Com Used RIF Installer . | . . . . . . . . . . . . . . . . . . Robots Hacked 9 | . . . . . . . . . . 7 2 . . . . . . Non-combat 9 | . . . . . . . . . . 7 2 . . . . . . Combat . | . . . . . . . . . . . . . . . . . . Robot Hacks Applied 9 | . . . . . . . . . . 7 2 . . . . . . parse_system 3 | . . . . . . . . . . 1 2 . . . . . . no_distress 2 | . . . . . . . . . . 2 . . . . . . . find_chute 3 | . . . . . . . . . . 3 . . . . . . . find_recycling 1 | . . . . . . . . . . 1 . . . . . . . Relay Couplers Released . | . . . . . . . . . . . . . . . . . . Fabnet Peak Effective % . | . . . . . . . . . . . . . . . . . . Robots Rewired . | . . . . . . . . . . . . . . . . . . Allies Hacked . | . . . . . . . . . . . . . . . . . . Hacks Repelled . | . . . . . . . . . . . . . . . . . . Allies | -11 -10 -10 -10 -9 -8 -7 -6 -6 -5 -4 -4 -4 -3 -2 -2 -1 -1 -------- Run | Yrd Mat Min Exi Min Mat Fac Fac DSF Fac Fac Upp Upp Res Res DSF Acc Com Total Allies 5 | . . 5 . . . . . . . . . . . . . . . Largest Group 5 | . . 5 5 3 2 . . . . . . . . . . . . Highest-Rated Group 97 | . . 97 97 40 32 . . . . . . . . . . . . Highest-Rated Ally 31 | . . 31 31 16 16 . . . . . . . . . . . . Total Orders 3 | . . . . . . . . . . . 3 . . . . . . EXPLORE 2 | . . . . . . . . . . . 2 . . . . . . RETURN 1 | . . . . . . . . . . . 1 . . . . . . Ally Attacks 15 | . . . . 5 10 . . . . . . . . . . . . Total Damage 171 | . . . . 53 118 . . . . . . . . . . . . Kills 2 | . . . . 2 . . . . . . . . . . . . . Allies Corrupted . | . . . . . . . . . . . . . . . . . . Allies Melted . | . . . . . . . . . . . . . . . . . . Intel | -11 -10 -10 -10 -9 -8 -7 -6 -6 -5 -4 -4 -4 -3 -2 -2 -1 -1 ------- Run | Yrd Mat Min Exi Min Mat Fac Fac DSF Fac Fac Upp Upp Res Res DSF Acc Com Robot Analysis Total 1 | . . . . . 1 . . . . . . . . . . . . Derelict Logs Recovered 4 | . . 1 . 2 . . . . . . 1 . . . . . . Drone Launches 2 | . . . . . . . . . . . 2 . . . . . . Drone Recoveries 2 | . . . . . . . . . . . 2 . . . . . . Exploration | -11 -10 -10 -10 -9 -8 -7 -6 -6 -5 -4 -4 -4 -3 -2 -2 -1 -1 ------------- Run | Yrd Mat Min Exi Min Mat Fac Fac DSF Fac Fac Upp Upp Res Res DSF Acc Com Turns Passed 8267 | . 342 265 1158 993 2488 54 13 145 1037 340 292 81 225 4 30 540 260 Spaces Moved 7648 | 1 192 148 625 614 1155 36 9 63 793 690 786 237 399 6 88 1254 552 Core 245 | . . . . . . . . . . . . . . . . . 245 Treads 2822 | . 189 148 625 614 1155 36 9 46 . . . . . . . . . Legs 4 | 1 3 . . . . . . . . . . . . . . . . Wheels 687 | . . . . . . . . 17 670 . . . . . . . . Hover . | . . . . . . . . . . . . . . . . . . Flight 3890 | . . . . . . . . . 123 690 786 237 399 6 88 1254 307 Fastest Speed 32 | 120 120 160 160 160 145 148 148 115 35 32 34 34 34 32 32 35 35 Average Speed 88 | 120 159 160 160 160 160 148 148 181 102 34 34 34 34 32 33 35 42 Slowest Speed 228 | 120 160 160 160 160 167 148 148 228 115 35 34 34 114 32 35 37 50 Overloaded Moves . | . . . . . . . . . . . . . . . . . . Propulsion Burnouts . | . . . . . . . . . . . . . . . . . . Robots Hopped 22 | . . . . . . . . . . 3 . . 2 . 1 9 7 Cave-ins Triggered . | . . . . . . . . . . . . . . . . . . Exploration Rate (%) 43 | 2 28 36 91 100 86 1 1 69 19 19 93 22 7 . 89 41 27 Regions Visited 17 Branch Regions 6 Pre-discovered Areas . | . . . . . . . . . . . . . . . . . . Known Exits Taken 12 | . . 1 1 1 1 . 1 . 1 1 1 1 1 1 . 1 . Unknown Exits Taken 3 | 1 1 . . . . 1 . . . . . . . . . . . Scrap Searched 9 | . . 1 . 2 . . . . . . 5 1 . . . . . Spaces Dug 39 | . . . . . . . . . 9 7 2 . 5 . . 15 1 Terrain Destroyed 210 | . . . . 4 125 . . 28 9 7 2 . 19 . . 15 1 Melee 39 | . . . . . . . . . 9 7 2 . 5 . . 15 1 Projectile 24 | . . . . . 24 . . . . . . . . . . . . AOE 147 | . . . . 4 101 . . 28 . . . . 14 . . . . Terrain Rammed . | . . . . . . . . . . . . . . . . . . Walls Destroyed . | . . . . . . . . . . . . . . . . . . Machines Disabled . | . . . . . . . . . . . . . . . . . . Actions | -11 -10 -10 -10 -9 -8 -7 -6 -6 -5 -4 -4 -4 -3 -2 -2 -1 -1 --------- Run | Yrd Mat Min Exi Min Mat Fac Fac DSF Fac Fac Upp Upp Res Res DSF Acc Com Total 8570 | . 226 177 783 621 1454 37 9 82 970 773 810 236 436 7 86 1294 569 Wait 349 | . . 25 159 . 18 . . . 99 34 11 . . . . 2 1 Move 7591 | . 191 147 624 613 1154 35 8 62 792 684 785 236 394 5 85 1238 538 Hop 18 | . . . . . . . . . . 2 . . 2 . 1 6 7 Pick Up 81 | . 11 2 . 2 37 . . 5 10 4 2 . 3 . . 5 . Fast Attach 40 | . 2 . . . 4 . . 2 10 12 2 . . . . 6 2 Attach 31 | . . . . . 14 2 1 1 5 3 . . 3 2 . . . Detach 18 | . 1 . . . 5 . . . 6 3 1 . 1 . . 1 . Swap 49 | . 8 1 . 2 29 . . 2 3 3 . . . . . 1 . Drop 96 | . 11 2 . 2 35 . . 5 19 8 5 . 1 . . 4 4 Fire 184 | . 2 . . 2 158 . . 5 16 . . . 1 . . . . Melee 98 | . . . . . . . . . 10 20 4 . 31 . . 31 2 Ram 15 | . . . . . . . . . . . . . . . . . 15 Kick . | . . . . . . . . . . . . . . . . . . Crush . | . . . . . . . . . . . . . . . . . . Escape Stasis . | . . . . . . . . . . . . . . . . . . Rewire . | . . . . . . . . . . . . . . . . . . Trap . | . . . . . . . . . . . . . . . . . . Miscellaneous . | . . . . . . . . . . . . . . . . . . Route ------- -11/Scrapyard -10/Materials -10/Mines (discovered 2 exits: *Mat / *Exi) -10/Exiles (discovered 2 exits: *Min x2) -9/Mines (discovered 2 exits: *Mat x2) -8/Materials (discovered 3 exits: *Fac x3) -7/Factory -6/Factory -6/DSF -5/Factory -4/Factory -4/Upper Caves -4/Upper Caves -3/Research -2/Research -2/DSF -1/Access -1/Command History --------- Turn | Location | Event 1 | -11/Scrapyard | Discovered new exit (range 0) 1 | -11/Scrapyard | Entered Materials 304 | -10/Materials | Discovered new exit (range 16) 305 | -10/Materials | Build established: Mutant 343 | -10/Materials | Entered Mines 345 | -10/Mines | Assisted by bots powering up and referring to "LRC-V3" 353 | -10/Mines | Discovered new exit (range 13) 378 | -10/Mines | Identified exit to Materials 393 | -10/Mines | Met a Derelict bent on vengeance 529 | -10/Mines | Deemed a non-threat by the Exiles lab entrance 529 | -10/Mines | Discovered new exit (range 5) 534 | -10/Mines | Identified exit to Exiles 558 | -10/Mines | Found a damaged Exp. Sensor Array with a note attached 562 | -10/Mines | Found Prototype Device 608 | -10/Mines | Entered Exiles 608 | -10/Exiles | Accompanied by 5 allies 634 | -10/Exiles | Discovered new exit (range 15) 638 | -10/Exiles | Led the pair of lost Derelicts to a safe place 674 | -10/Exiles | Met 8R-AWN 701 | -10/Exiles | Identified exit to Mines 759 | -10/Exiles | Met EX-HEX 863 | -10/Exiles | Met EX-DEC 966 | -10/Exiles | Visited The Gauntlet 1395 | -10/Exiles | Discovered exit to Mines (range 10) 1510 | -10/Exiles | Met EX-BIN 1766 | -10/Exiles | Entered Mines 1766 | -9/Mines | Accompanied by 3 allies 1823 | -9/Mines | Assembled infested the area 1851 | -9/Mines | Learned Materials terminal intel 2321 | -9/Mines | Discovered new exit (range 5) 2326 | -9/Mines | Identified exit to Materials 2417 | -9/Mines | Learned Materials terminal intel 2437 | -9/Mines | YI-UF0 nonchalantly dropped a Grenade Launcher on the ground 2522 | -9/Mines | Discovered exit to Materials (range 4) 2759 | -9/Mines | Entered Materials 2759 | -8/Materials | Accompanied by 2 allies 2759 | -8/Materials | Evolved 4 slots: Propulsion x2, Utility x1, Weapon x1 2760 | -8/Materials | Loaded intel: 12 terminal locations 2765 | -8/Materials | Identified Exp. Sensor Array 3115 | -8/Materials | Discovered new exit (range 13) 3172 | -8/Materials | Build established: Gunner 3196 | -8/Materials | Identified exit to Factory 3543 | -8/Materials | Lost 3 parts (3w) 3959 | -8/Materials | First assault squad dispatched 4055 | -8/Materials | Core integrity fell below 50% 4102 | -8/Materials | Destroyed 7 combat bots 4144 | -8/Materials | Build established: Scavenger-Tank 4680 | -8/Materials | Discovered exit to Factory (range 13) 4949 | -8/Materials | Build established: Tank 5189 | -8/Materials | Core integrity fell below 20% 5216 | -8/Materials | Discovered exit to Factory (range 15) 5233 | -8/Materials | Destroyed 8 combat bots 5236 | -8/Materials | Lost 3 parts (1n2w) 5241 | -8/Materials | Sterilization system engaged 5241 | -8/Materials | Non-combat units ordered to evacuate 5247 | -8/Materials | Entered Factory 5247 | -7/Factory | Evolved 2 slots: Utility x2 5292 | -7/Factory | Discovered new exit (range 5) 5301 | -7/Factory | Entered another Factory area 5301 | -6/Factory | Evolved 2 slots: Utility x2 5312 | -6/Factory | Identified exit to DSF 5314 | -6/Factory | Entered DSF 5358 | -6/DSF | Additional patrols routed to DSF 5436 | -6/DSF | Discovered new exit (range 11) 5459 | -6/DSF | Entered Factory 5459 | -5/Factory | Evolved 2 slots: Utility x2 6148 | -5/Factory | Build established: Infiltrator-Mutant 6485 | -5/Factory | Discovered new exit (range 4) 6486 | -5/Factory | Identified exit to Factory 6496 | -5/Factory | Entered another Factory area 6496 | -4/Factory | Evolved 2 slots: Power x1, Propulsion x1 6706 | -4/Factory | Build established: Infiltrator-Ninja 6834 | -4/Factory | Discovered new exit (range 5) 6836 | -4/Factory | Identified exit to Upper Caves 6836 | -4/Factory | Entered Upper Caves 6904 | -4/Upper Caves | Learned Research garrison access intel 7115 | -4/Upper Caves | Discovered new exit (range 4) 7116 | -4/Upper Caves | Identified exit to Upper Caves 7128 | -4/Upper Caves | Entered another Upper Caves area 7145 | -4/Upper Caves | Discovered new exit (range 5) 7146 | -4/Upper Caves | Identified exit to Research 7209 | -4/Upper Caves | Entered Research 7209 | -3/Research | Evolved 2 slots: Power x1, Utility x1 7210 | -3/Research | Loaded intel: 3 garrison access locations 7432 | -3/Research | Discovered new exit (range 8) 7434 | -3/Research | Identified exit to Research 7434 | -3/Research | Entered another Research area 7434 | -2/Research | Evolved 2 slots: Propulsion x1, Utility x1 7438 | -2/Research | Identified exit to DSF 7438 | -2/Research | Entered DSF 7455 | -2/DSF | Additional patrols routed to DSF 7461 | -2/DSF | Discovered new exit (range 20) 7467 | -2/DSF | Identified exit to Access 7468 | -2/DSF | Entered Access 7468 | -1/Access | Evolved 2 slots: Utility x2 7485 | -1/Access | Lost 5 parts (2p1n1u1w) 8006 | -1/Access | Discovered new exit (range 7) 8008 | -1/Access | Identified exit to Command 8008 | -1/Access | Entered Command 8051 | -1/Command | Spotted B-99 Colossus 8085 | -1/Command | Spotted B-99 Colossus 8143 | -1/Command | Core integrity fell below 50% 8158 | -1/Command | Lost 9 parts (2p3n4u) 8237 | -1/Command | Core integrity fell below 20% 8268 | -1/Command | Destroyed by G-73 Enforcer with Heavy Laser Last Messages --------------- 08239_ Slug penetrates Wall. 08240_ Drone sends a signal. 08242_ Slug penetrates Wall. 08244_ Slug penetrates H-88 Terminator. 08244_ Slug penetrates K-01 Serf. 08246_ Slug penetrates Wall. 08248_ Drone sends a signal. 08249_ Slug penetrates Wall. 08249_ Penetrated by Slug. 08252_ Slammed into K-01 Serf. 08254_ Destabilizing: System interference. 08254_ Adv. Visual Processing Unit temporarily disabled. 08255_ Slammed into W-44 Eye. 08255_ Destabilizing: Core damaged (-32). 08258_ ALERT: Rogue bot located, Programmers report to Command Zone 6M. 08264_ DXY LNIGAXZ9HVOGH70AD&JK4L,V 08268_ Adv. Visual Processing Unit destroyed. 08268_ Slug penetrates G-73 Enforcer. Map ----- +----------------------------------------------------+ | ?????????????????????????????????????????????????? | | ?????????????????????????????????????????????????? | | ?????????????????????????????????????????????????? | | ?????????????????????????????????????????????????? | | ?????????????????????????????????????????????????? | | ?????????????????????????????????????????????????? | | ?????????????????????????????????????????????????? | | ?????????????????????????????????????????????????? | | ??????????????????# ????????????????????????????? | | ??????????????????# ????????????????????????????? | | ??????????????????# ????????????????????????????? | | ?????????????????? ???????????????????????????? | | ?????????????#????? ???????????????????????????? | | ?????????????# ???? ???????????????????????????? | | ?????????????# "" ??????????????????????????? | | ?????????????# """" ????????????????????????### | | ???????????### """" ????????????????????????# | | ???????????#BB "" ??????????############## | | ????????????BB ??????????# # | | ?????????????# ??????????# = # | | ????????###### ########### #= | | ???????+ g + # | | ???????+ = g g # "" # | | ???????+ + """" ### | | ???????+ g # """" +% | | ???????+ @ # "" ### | | ???????????????#### ;#+#####;## ### | | ??????????????????# # ## # | | ??????????????????# # ## " " | | ??????????????????# ?#= ## # " | | ??????????????????# ??# """" ######+######## " | | ??????????????????# ???# """" #????# #??????# | | ??????????????????# ???# """" #????# #??????# | | ??????????????????# ???# """" #????# #?????#### | | ??????????????????# ??# #????# #?????# | | ??????????????????# ?# * #????# ??????# | | ??????????????????# ##/#######??########### | | ??????????????????# #????????# # | | ??????????????????# ########## = # | | ??????????????????# # # | | ??????????????????# + # | | ??????????????????#+#+####### # # | | ????????????????????????????# # "" "" # | | ????????????????????????????# # ""T"" # | | ????????????????????????????# # """ # ## | | ????????????????????????????# ########### #? | | ????????????????????????????# #? | | ????????????????????????????# #? | | ????????????????????????????# #? | | ????????????????????????????# #? | +----------------------------------------------------+ Best States ------------- Heat Dissipation 70 Energy Generation 50 Energy Capacity 290 Matter Stores 300 Matter Capacity 300 Sight Range 22 Robot Scan Range 20 Terrain Scan Density 10 ECM Strength 2 Jamming Range 14 Cloak Strength 3 Power Amplification 50 Base Temperature (-) 100 Armor Coverage 600 Evasion (%) 75 Core Analysis 6 Recoil Reduction 4 Kinecelleration 30 Offensive Hacking 10 Defensive Hacking 30 Item Schematics ----------------- Adv. Beam Rifle | -8/Materials | Scanalyzed Robot Schematics ------------------ None Fabricated ------------ Nothing Alien Tech Used ----------------- None Achievements -------------- Watch This! Challenges ------------ None Game ------ Seed ForceRestorationExpander Manual? 0 Play Time 02:09:44 Cumulative 90.5 hours Start 2025.01.07 @ 16:04:43 End 2025.01.07 @ 18:44:25 Sessions 1 Manual Loads 0 Difficulty Rogue Special Mode None Game No. 75 Rogue 75 Adventurer 0 Explorer 0 Win Type - Total 1 Types 1/0/0/0/0/0/0/0/0 Lore% 37 Gallery% 48 Achievement% 35 Wizard Run 0 Options --------- Layout 2 ASCII 0 Keyboard 1 Movement Arrows Keybinds 0 Fullscreen 1 Font 24/Proggy Map View 50x44 Zoom Use 0% Tactical HUD 1 Map Filters NONE Filters NONE Steam 1 RUN: 0db8b911-5197-4e14-b545-9db98e406579